 Dungeon Crawl Stone Soup version 0.19-a0-1216-g363869b (webtiles) character file.

64 Ijustatesigmund the Sneak (level 4, -4/28 HPs)
             Began as an Octopode Wizard on Aug 23, 2016.
             Slain by a worm (10 damage)
             ... on level 4 of the Dungeon.
             The game lasted 00:10:51 (2166 turns).

Ijustatesigmund the Sneak (Octopode Wizard)         Turns: 2166, Time: 00:10:51

Health: -4/28      AC:  1    Str:  6    XL:     4   Next: 12%
Magic:  15/17      EV: 13    Int: 20    God:
Gold:   108        SH:  0    Dex: 11    Spells: 3 memorised, 4 levels left

rFire  . . .     SeeInvis .     d - +1 short sword
rCold  . . .     Gourm    .     (no shield)
rNeg   . . .     Faith    .     a - +0 hat
rPois  .         Spirit   .     (no amulet)
rElec  .         Dismiss  .     i - ring of magical power
rCorr  .         Reflect  .     (no ring)
MR     .....     Harm     .     (no ring)
Stlth  ++++......               (no ring)
                                (no ring)
                                (no ring)
                                (no ring)
                                (no ring)

@: lethally poisoned (-4 -> -9), repel missiles
A: almost no armour, amphibious, 8 rings, constrict 8, camouflage 1, gelatinous
body 1
a: no special abilities


You were on level 4 of the Dungeon.
You were very hungry.

You visited 1 branch of the dungeon, and saw 4 of its levels.

You collected 108 gold pieces.

Inventory:

Hand Weapons
 d - a +1 short sword (weapon)
Armour
 a - a +0 hat (worn)
Jewellery
 i - a ring of magical power (left tentacle)
Scrolls
 l - 2 scrolls of amnesia
Potions
 k - a potion of curing {unknown}
Books
 b - a book of Minor Magic

   Spells                             Type                      Level
   a - Magic Dart                     Conjuration                  1
   b - Blink                          Translocation                2
   c - Call Imp                       Summoning                    2
   d - Repel Missiles                 Charms/Air                   2
   e - Slow                           Hexes                        2
   f - Conjure Flame                  Conjuration/Fire             3
   g - Mephitic Cloud                 Conjuration/Poison/Air       3
Comestibles
 c - a bread ration
 g - a meat ration
 h - a beef jerky
 j - 3 fruits


   Skills:
 - Level 1.4 Fighting
 + Level 1.3 Short Blades
 - Level 2.0 Dodging
 + Level 3.8 Stealth
 - Level 3.0 Spellcasting
 + Level 2.2 Conjurations
   Level 1.0 Summonings
 - Level 1.0 Translocations


You had 4 spell levels left.
You knew the following spells:

 Your Spells              Type           Power        Failure   Level  Hunger
a - Magic Dart            Conj           ##..         6%          1    None
b - Blink                 Tloc           N/A          17%         2    ##.....
c - Repel Missiles        Chrm/Air       #.....       24%         2    ##.....


Dungeon Overview and Level Annotations

Branches:
Dungeon (4/15)
 Temple: D:4-7

Altars:

Annotations:
D:4 Coyotero's ghost, amateur DsCK


Innate Abilities, Weirdness & Mutations

You cannot wear most types of armour.
You are amphibious.
You can wear up to eight rings at the same time.
You can use your tentacles to constrict eight enemies at once.
Your skin changes colour to match your surroundings (Stealth+).
Your rubbery body absorbs attacks. (AC +1, EV +1)


Message History

Your resistance to elements expires.
You start resting.
Magic restored.
You start resting.
You are feeling very hungry.
You start resting.
Okay, then.
Coyotero's ghost turns its malevolent gaze towards you.
Found 23 sling bullets.
Casting: Blink
Confirm with . or Enter, or press ? or * to list all spells.
You blink.
The adder hisses angrily.
The adder bites you.
* * * LOW HITPOINT WARNING * * *
You are poisoned.
The adder poisons you!
* * * LOW HITPOINT WARNING * * *
You feel sick. The adder closely misses you. The worm bites you!
You die...

##... .... #..##
#...## #.#..# #..#.##
##. ##W#..####
...#####.##.O..# #
#......@S....#O#8.#.#
.##..###w..#......O..h
$............##.......
#..[.........# #8.#.#.
#....w.......# #.# #
#w...........# ##
#.).....######
#S......# #.......#


You could see an ogre, a worm, Coyotero's ghost and an adder.

Vanquished Creatures
  An adder (D:2)
  A gnoll (D:1)
  A worm (D:2)
  4 dart slugs (D:1)
  A giant gecko (D:2)
  A ball python (D:2)
  4 giant cockroaches
  3 goblins
  5 hobgoblins
  2 bats (D:1)
  3 giant newts (D:1)
  3 kobolds
  6 rats
35 creatures vanquished.

Notes
Turn   | Place    | Note
-------+----------+-------------------------------------------
     0 | D:1      | Ijustatesigmund the Octopode Wizard began the quest for the Orb.
     0 | D:1      | Reached XP level 1. HP: 11/11 MP: 4/4
   350 | D:1      | Reached XP level 2. HP: 11/18 MP: 0/6
   596 | D:1      | Reached skill level 1 in Fighting
   725 | D:1      | Reached XP level 3. HP: 23/23 MP: 7/7
  1034 | D:1      | Reached skill level 1 in Short Blades
  1353 | D:1      | Learned a level 2 spell: Blink
  1356 | D:1      | Learned a level 2 spell: Repel Missiles
  1822 | D:2      | Reached XP level 4. HP: 14/28 MP: 8/8
  2066 | D:3      | HP: 1/28 [bat (1)]
  2079 | D:4      | Noticed Coyotero's ghost (amateur DsCK)
  2084 | D:4      | Noticed an ogre
  2166 | D:4      | Slain by a worm

Vault maps used:
D:1:      scummos_arrival_forest
D:2:      grunt_temple_overflow_gold_and_silver, makhleb_heckhound_becter
D:3:      first_bread
D:4:      nicolae_overflow_hidden_temple, minitemple,
          gammafunk_temple_overflow_statue

Skill      XL: |  1  2  3 |
---------------+----------+-----
Stealth        | 3 |  3.8
Fighting       | 1 |  1.4
Short Blades   | 1 |  1.3
Conjurations   | 2 |  2.2
Dodging        | |  2.0
Spellcasting   | |  3.0
Summonings     | |  1.0
Translocations | |  1.0

Action                   |  1- 3 |  4- 6 || total
-------------------------+-------+-------++-------
Melee: Short sword       |    22 |     7 ||    29
       Constrict         |     5 |       ||     5
       Tentacles         |     3 |     1 ||     4
 Cast: Magic Dart        |    64 |    10 ||    74
       Blink             |       |     3 ||     3
       Repel Missiles    |       |     1 ||     1
  Use: Scroll            |     7 |     3 ||    10
       Potion            |     1 |     1 ||     2
 Stab: Sleeping          |     3 |     2 ||     5
  Eat: Chunk             |     2 |       ||     2
       Fruit             |       |     1 ||     1
Armor: Skin              |     2 |     3 ||     5
Dodge: Dodged            |    24 |    10 ||    34
